 Dungeon Crawl Stone Soup version 0.29-a0-207-gf982a884d8 (webtiles) character file.

Game seed: 17803438851374994319

3040 surf the Blocker (level 9, -7/78 HPs)
             Began as a Minotaur Berserker on Feb 24, 2022.
             Was a Priest of Trog.
             Mangled by a yak (9 damage)
             ... on level 8 of the Dungeon.
             The game lasted 00:33:04 (6892 turns).

surf the Blocker (Minotaur Berserker)               Turns: 6892, Time: 00:33:05

Health: -7/78      AC: 13    Str: 26    XL:     9   Next: 56%
Magic:  8/8        EV:  5    Int:  4    God:    Trog [***...]
Gold:   267        SH: 20    Dex: 10    Spells: 8/8 levels left

rFire   . . .      SeeInvis .   h - +0 hand axe
rCold   . . .      Faith    .   j - +0 tower shield
rNeg    . . .      Spirit   .   C - +0 plate armour
rPois   .          Reflect  +   (helmet restricted)
rElec   .          Harm     .   (no cloak)
rCorr   .          Rampage  .   (no gloves)
Will    .....                   (no boots)
Stlth   ..........              l - amulet of reflection
HPRegen 0.23/turn               (no ring)
MPRegen 0.11/turn               (no ring)

@: no status effects
A: horns 2, retaliatory headbutt
a: Renounce Religion, Berserk, Trog's Hand


You were on level 8 of the Dungeon.
You worshipped Trog.
Trog was most pleased with you.
You visited 1 branch of the dungeon, and saw 8 of its levels.

You collected 339 gold pieces.
You spent 72 gold pieces at shops.

Inventory:

Hand Weapons
 a - a +0 mace
 h - a +0 hand axe (weapon)
 r - a +2 short sword of speed
Missiles
 i - 125 stones
 A - 2 throwing nets
Armour
 f - a +2 buckler
 j - a +0 tower shield (worn)
 y - a +0 troll leather armour
 C - a +0 plate armour (worn)
Magical Staves
 g - a staff of conjuration
Jewellery
 l - an amulet of reflection (around neck)
Wands
 m - a wand of acid (15)
 o - a wand of flame (22)
 u - a wand of paralysis (10)
Scrolls
 b - 2 scrolls of brand weapon {unknown}
 c - a scroll of enchant weapon {unknown}
 d - 4 scrolls of teleportation
 p - a scroll of silence
 t - a scroll of noise {unknown}
 v - 2 scrolls of vulnerability {unknown}
 w - a scroll of fog {unknown}
 x - a scroll of blinking {unknown}
 z - a scroll of immolation {unknown}
 B - a scroll of fear {unknown}
Potions
 e - 3 potions of attraction
 n - a potion of lignification (quivered)
 q - 2 potions of flight
 s - a potion of magic {unknown}


   Skills:
 + Level 6.5 Fighting
 + Level 7.6(8.2) Axes
 + Level 4.6(6.7) Maces & Flails
 + Level 7.1 Armour
 + Level 4.6 Dodging
 + Level 0.8 Stealth
 + Level 9.4 Shields


You had 8 spell levels left.
You didn't know any spells.
Your spell library contained the following spells:

 Spells                   Type           Power      Damage    Failure   Level
 Animate Skeleton         Necr           0%         N/A       100%        1
 Apportation              Tloc           0%         N/A       100%        1
 Sting                    Tmut/Pois      0%         1d3       100%        1
 Summon Small Mammal      Summ           0%         N/A       100%        1
 Poisonous Vapours        Pois/Air       0%         N/A       100%        2
 Olgreb's Toxic Radiance  Pois           0%         N/A       100%        4


Dungeon Overview and Level Annotations

Branches:
Dungeon (8/15)             Temple (0/1) D:5
   Lair: D:8-11

Altars:
Qazlal
Vehumet
Wu Jian
Xom
Yredelemnul
The Shining One

Shops:
D:7 *:=(


Innate Abilities, Weirdness & Mutations

You have a pair of horns on your head.
You reflexively headbutt those who attack you in melee.


Message History

The yak is severely wounded.
You hit the yak but do no damage. The yak gores you.
* * * LOW HITPOINT WARNING * * *
You block the yak's attack.
You barely miss the yak.
The yak is severely wounded.
You hit the yak. You block the yak's attack. x2
You hit the yak but do no damage. You headbutt the yak, but do no damage.
The yak is severely wounded.
You closely miss the yak. You block the yak's attack. x2
You hit the yak.
The yak is almost dead.
You hit the yak. You block the yak's attack. x2
You completely miss the yak. You headbutt the yak, but do no damage.
The yak is almost dead.
You barely miss the yak.
You block the yak's attack. x3; The yak gores you!
* * * LOW HITPOINT WARNING * * *
You hit the yak but do no damage. You headbutt the yak, but do no damage.
The yak is almost dead.
You hit the yak. You block the yak's attack. The yak gores you.
* * * LOW HITPOINT WARNING * * *
You closely miss the yak. Your headbutt misses the yak.
The yak is almost dead.
You hit the yak. The yak gores you.
* * * LOW HITPOINT WARNING * * *
You block the yak's attack.
You slash the yak!
You kill the yak!
Trog accepts your kill.
You barely miss the yak. You block the yak's attack.
The yak gores you but does no damage.
You see here a yak corpse.
You closely miss the yak.
The yak is severely wounded.
The yak gores you.
* * * LOW HITPOINT WARNING * * *
You hit the yak. Your headbutt misses the yak.
The yak is severely wounded.
You block the yak's attack. The yak gores you!
You die...

# .# #########.#
#.........####
#...#.........
###########...#.........
..............#.........
###.....................
........#######.@.......
###.###.# #.Y.......
.....##.# #.........
###..##.# #.........
........# #.........
##$.##### #.........
#..# ########## ..>+


You could see a yak.

Vanquished Creatures
  A troll (D:6)
  4 yaks
  2 steam dragons
  Menkaure (D:7)
  An orc warrior (D:8)
  4 black bears
  2 ice beasts
  3 ogres
  A phantom (D:6)
  A bullfrog (D:5)
  2 scorpions (D:6)
  6 hounds
  An orc priest (D:5)
  2 jellies
  2 gnoll shamans (D:7)
  2 bullfrog skeletons
  An orc wizard (D:5)
  2 iguanas
  2 hound skeletons
  Robin (D:4)
  8 adders
  6 gnolls (D:7)
  A howler monkey skeleton (D:7)
  A shadow imp (D:6)
  An adder skeleton (D:4)
  2 worms
  7 dart slugs
  7 orcs
  3 endoplasms
  A giant cockroach (D:2)
  13 hobgoblins
  4 jackals (D:2)
  5 quokkas
  4 ball pythons
  2 bats
  A frilled lizard (D:1)
  7 goblins
  8 kobolds
122 creatures vanquished.

Vanquished Creatures (others)
  4 fungi (D:2)
  4 toadstools (D:2)
8 creatures vanquished.

Grand Total: 130 creatures vanquished

Notes
Turn   | Place    | Note
-------+----------+-------------------------------------------
     0 | D:1      | surf the Minotaur Berserker began the quest for the Orb.
     0 | D:1      | Reached XP level 1. HP: 19/19 MP: 0/0
   311 | D:1      | Reached XP level 2. HP: 17/27 MP: 1/1
   942 | D:2      | Reached XP level 3. HP: 24/33 MP: 2/2
  1671 | D:3      | Reached XP level 4. HP: 41/41 MP: 3/3
  1712 | D:3      | Reached ** piety under Trog
  2291 | D:3      | Found a radiant altar of Vehumet.
  2312 | D:3      | Reached skill level 1 in Axes
  2468 | D:4      | Noticed Robin
  2475 | D:4      | Reached skill level 1 in Shields
  2534 | D:4      | Killed Robin
  3095 | D:4      | Noticed an ogre
  3104 | D:4      | Killed an ogre
  3105 | D:4      | Reached XP level 5. HP: 40/47 MP: 4/4
  3185 | D:4      | Reached skill level 2 in Shields
  3356 | D:4      | Reached skill level 3 in Shields
  3361 | D:4      | Found a basalt altar of Yredelemnul.
  3374 | D:4      | Reached XP level 6. HP: 35/53 MP: 5/5
  3678 | D:5      | Entered Level 5 of the Dungeon
  4151 | D:5      | Reached skill level 5 in Fighting
  4166 | D:5      | Found a staircase to the Ecumenical Temple.
  4198 | D:5      | Reached *** piety under Trog
  4225 | D:5      | Found a shimmering altar of Xom.
  4227 | D:5      | Found a stormy altar of Qazlal.
  4239 | D:5      | Reached skill level 4 in Shields
  4239 | D:5      | Reached XP level 7. HP: 41/61 MP: 6/6
  4312 | D:5      | Reached skill level 5 in Armour
  4312 | D:5      | Found a glowing golden altar of the Shining One.
  4357 | D:5      | Found an ornate altar of the Wu Jian Council.
  4424 | D:6      | Identified the +0 robe "Mofuch" {-Cast *Corrode rF+++ rN++}
  4610 | D:6      | Noticed a troll
  4619 | D:6      | Killed a troll
  4620 | D:6      | Reached skill level 5 in Shields
  4620 | D:6      | Reached XP level 8. HP: 55/69 MP: 7/7
  5025 | D:6      | Reached skill level 6 in Shields
  5202 | D:6      | Reached skill level 5 in Axes
  5286 | D:6      | Reached skill level 7 in Shields
  5590 | D:7      | Found Alai's Assorted Antiques.
  5593 | D:7      | Bought 2 scrolls labelled IDGHID XAER for 72 gold pieces
  6059 | D:7      | Reached skill level 8 in Shields
  6089 | D:7      | Reached XP level 9. HP: 75/75 MP: 8/8
  6244 | D:7      | Found Ungutuk's Book Shop.
  6254 | D:7      | Found Yzxoul's Antique Weapon Shoppe.
  6257 | D:7      | Found Moax's Jewellery Boutique.
  6392 | D:7      | Noticed Menkaure
  6406 | D:7      | Killed Menkaure
  6679 | D:8      | Reached skill level 9 in Shields
  6891 | D:8      | HP: 2/78 [yak (6)]
  6892 | D:8      | Mangled by a yak

Illustrated notes

Levels and vault maps discovered:
D:1:      scummos_arrival_forest, layout_basic,
          hellmonk_ecumenical_altar_inner_sanctum, corner_web_ring,
          chequers_serial_rivers_small_b, nicolae_figureground_sparkle
D:2:      layout_loops_cross, minmay_gold_behind_fungi, corexii_corridor_pit
D:3:      layout_loops_ring, vehumet_altar_wand_db
D:4:      layout_layer_cave, mainiacjoe_overflow_alcove_2, uniq_robin
D:5:      layout_basic, lemuel_round_altar, old_standard_altar,
          grunt_temple_overflow_open, minmay_temple_entry_mini_moons,
          minmay_misc_feat_encased, amcnicky_mini_rare_corridor_liquid
D:6:      layout_gridville, kennysheep_generic_room_8
D:7:      minmay_inner_zag, layout_basic, mainiacjoe_overflow_big_doors,
          serial_shops, shop, nicolae_shop_advertising_works
          [nicolae_subvault_shop_adworks], nicolae_shop_behind_doors, shop,
          nicolae_shop_statue_plus, uniq_menkaure
D:8:      layout_basic, nicolae_gozag_zags_fifth_avenue,
          grunt_decor_mini_mirrors

Skill      XL: |  1  2  3  4  5  6  7  8  9 |
---------------+----------------------------+-----
Fighting       | 4 5 6 |  6.5
Maces & Flails | 4 |  4.6
Armour         | 3 4 5 6 7 |  7.1
Axes           | 1 2 4 6 7 |  7.6
Shields        | 1 3 4 5 8 9 |  9.4
Dodging        | 3 4 |  4.6
Stealth        | |  0.8

Action                   |  1- 3 |  4- 6 |  7- 9 || total
-------------------------+-------+-------+-------++-------
Melee: Mace              |    14 |       |       ||    14
       Headbutt          |    10 |    18 |    56 ||    84
       Hand axe          |    48 |   136 |   240 ||   424
       Punch             |     1 |       |       ||     1
Throw: Throwing net      |       |     1 |       ||     1
Invok: Berserk           |     2 |     4 |     8 ||    14
       Trog's Hand       |       |     1 |     1 ||     2
Evoke: Wand              |       |     1 |       ||     1
  Use: Scroll            |       |     2 |     1 ||     3
       Potion            |       |     2 |     1 ||     3
Armor: Animal skin       |    15 |       |       ||    15
       Ring mail         |     8 |    39 |    13 ||    60
       Skin              |       |    17 |       ||    17
       Plate armour      |       |       |    53 ||    53
       Troll leather arm |       |       |    16 ||    16
Dodge: Dodged            |    44 |    34 |    47 ||   125
Block: Tower shield      |    13 |   144 |   277 ||   434
       Reflection        |       |     4 |       ||     4

Table legend: (Time is in decaauts)
 A = Elapsed time spent in this place.
 B = Non-inter-level travel time spent in this place.
 C = Inter-level travel time spent in this place.
 D = Time resting spent in this place.
 E = Time spent auto-exploring this place.
 F = Levels seen in this place.
 G = Mean time per level.
                   A        B        C        D        E       F      G
               +--------+--------+--------+--------+--------+-----+--------+
         Total |   7187 |   6997 |    190 |   2985 |      0 |   8 |  898.4 |
       Dungeon |   7187 |   6997 |    190 |   2985 |      0 |   8 |  898.4 |
               +--------+--------+--------+--------+--------+-----+--------+

Top non-repeatable levels by time:
     D:4: 1366 daAuts
     D:3: 1353 daAuts
     D:7: 1224 daAuts
     D:6: 1124 daAuts
     D:5: 761 daAuts
     D:2: 623 daAuts
     D:1: 455 daAuts
     D:8: 278 daAuts
